 Dungeon Crawl Stone Soup version 0.27.1-33-g824d729ab1 (webtiles) character file.

Game seed: 4377749161100049234

23 Destapler the Shield-Bearer (level 2, 27/27 HPs)
             Began as a Minotaur Fighter on Dec 9, 2021.
             Was a Follower of Sif Muna.
             Got out of the dungeon alive.
             The game lasted 00:01:24 (1173 turns).

Destapler the Shield-Bearer (Minotaur Fighter)      Turns: 1173, Time: 00:01:24

Health: 27/27      AC:  7    Str: 20    XL:     2   Next: 72%
Magic:  1/1        EV:  7    Int:  5    God:    Sif Muna [*.....]
Gold:   53         SH:  9    Dex:  9    Spells: 1/1 levels left

rFire    . . .     SeeInvis .   a - +0 long sword
rCold    . . .     Faith    .   c - +0 kite shield
rNeg     . . .     Spirit   .   b - +0 scale mail
rPois    .         Reflect  .   (helmet restricted)
rElec    .         Harm     .   (no cloak)
rCorr    .         Rampage  .   (no gloves)
Will     .....                  (no boots)
Stlth    ..........             (no amulet)
HPRegen  0.09/turn              (no ring)
MPRegen  0.07/turn              (no ring)

@: no status effects
A: horns 2, retaliatory headbutt
a: Renounce Religion, Channel Magic


You escaped.
You worshipped Sif Muna.
Sif Muna was aware of your devotion.
You visited 1 branch of the dungeon, and saw 2 of its levels.

You collected 53 gold pieces.

Inventory:

Hand Weapons
 a - a +0 long sword (weapon)
Armour
 b - a +0 scale mail (worn)
 c - a +0 kite shield (worn)
Potions
 d - 2 potions of might
 e - a potion of brilliance {unknown}
 f - a potion of haste {unknown}
 g - a potion of degeneration {unknown}


   Skills:
 + Level 4.0 Fighting
 + Level 3.0 Long Blades
 + Level 4.0 Armour
 + Level 4.0 Shields


You had one spell level left.
You didn't know any spells.
Your spell library was empty.

Dungeon Overview and Level Annotations

Branches:
Dungeon (2/15)

Altars:
Sif Muna


Innate Abilities, Weirdness & Mutations

You have a pair of horns on your head.
You reflexively headbutt those who attack you in melee.


Message History

Where to? (? - help)
There is a stone staircase leading down here.
You climb downwards.
Found 26 sling bullets.
There is a stone staircase leading up here.
Found a faded altar of an unknown god.
Found a stone staircase leading down.
There is a faded altar of an unknown god here.
Found 15 gold pieces.
Found a scroll labelled DOAZEL VAEXTE.
Found a scroll labelled QAORHO DERA.
There is a faded altar of an unknown god here.
You cannot tell which god this altar belongs to.
Convert to them anyway?
Uppercase [Y]es or [N]o only, please.
You cannot tell which god this altar belongs to.
Convert to them anyway?
Sif Muna accepts your prayer! Sif Muna welcomes you!
You can now call upon Sif Muna for magical energy.
As you read the scroll labelled NIEL XYEHIHUFU, it crumbles to dust.
The air around you briefly surges with heat, but it dissipates.
It was a scroll of immolation.
As you read the scroll labelled WUETSA OTOENU, it crumbles to dust.
You hear a loud clanging noise!
It was a scroll of noise.
You hear a shout! x8
An endoplasm comes into view.
(D) Dungeon
Where to? (Enter - D:2, ? - help)
An endoplasm is nearby!
An endoplasm comes into view.
The endoplasm quivers.
There is a stone staircase leading up here.
You climb upwards.
There is a stone staircase leading down here.
You enter the shallow water.
Moving in this stuff is going to be slow.
There is an open door here.
There is a staircase leading out of the dungeon here.
Are you sure you want to leave the Dungeon?
This will make you lose the game!
You have escaped!

#........# .....##### #####
#..#.###.#####...# ####
#..#.##.#.#≈♣##.##♣♣..########
...#.#.###.≈≈♣#'#P≈≈.........#
####.##.#.♣≈≈≈≈≈≈≈≈≈.)######.#
.....###.##≈≈≈#'#♣≈≈### #.#
########.##♣≈##.##P♣# #.# #
#......###..@### ###.#### #
#.##.######### #....).. #
#.##......######## #.#.###.
#####.##..#.#.##.....#
#.#)###.
....#.##..#.#.##.....#
#.#..##.
..........#.#........#
#.......
....#.......####.....#
##.#..#.. ..####.#.##.#
#.....# #........
.......#.##.# #######
##...##.#


There were no monsters in sight!

Vanquished Creatures
  3 bats (D:1)
  2 endoplasms (D:1)
  2 giant cockroaches (D:1)
  A goblin (D:1)
  2 hobgoblins (D:1)
  3 kobolds (D:1)
  3 ball pythons (D:1)
  2 frilled lizards (D:1)
  3 rats (D:1)
21 creatures vanquished.

Notes
Turn   | Place    | Note
-------+----------+-------------------------------------------
     0 | D:1      | Destapler the Minotaur Fighter began the quest for the Orb.
     0 | D:1      | Reached XP level 1. HP: 19/19 MP: 0/0
   239 | D:1      | Reached XP level 2. HP: 27/27 MP: 1/1
  1112 | D:2      | Found a faded altar of an unknown god.
  1129 | D:2      | Became a worshipper of Sif Muna the Loreminder
  1129 | D:2      | Reached * piety under Sif Muna
  1173 | D:$      | Got out of the dungeon alive.

Illustrated notes

Levels and vault maps discovered:
D:1:      sevenhm_arrival_forest_fort_small_4, layout_loops_cross,
          corexii_hall_statues_l, amcnicky_mini_pool_small,
          minmay_misc_feat_pillars, hangedman_feature_mirror
D:2:      layout_rooms, basic_ecumenical_altar

Skill      XL: |  1  2 |
---------------+-------+-----
Shields        | 4 |  4.0
Fighting       | 4 |  4.0
Armour         | 4 |  4.0
Long Blades    | 3 |  3.0

Action                   || total
-------------------------++-------
Melee: Long sword        ||    54
       Headbutt          ||     5
  Use: Scroll            ||     2
Armor: Scale mail        ||    19
Dodge: Dodged            ||    15
Block: Kite shield       ||    17
       Rpst.: Long sword ||     1
